 Dungeon Crawl Stone Soup version 0.30-a0-622-gddc90eaa04 (webtiles) character file.

Game seed: 4223852211774278807

1563 kae the Changer (level 8, -9/64 HPs)
             Began as a Demonspawn Transmuter on Jan 9, 2023.
             Was a Follower of Makhleb.
             Mangled by an orc warrior
             ... wielding a +0 glaive
              (13 damage)
             ... on level 6 of the Dungeon on Jan 10, 2023.
             The game lasted 00:07:44 (5055 turns).

kae the Changer (Demonspawn Transmuter)             Turns: 5055, Time: 00:07:44

Health: -9/64      AC:  7    Str: 10    XL:     8   Next: 58%
Magic:  5/14       EV: 10    Int: 17    God:    Makhleb [*.....]
Gold:   207        SH:  5    Dex: 18    Spells: 5/15 levels left

rFire   x . .      SeeInvis .      - Unarmed
rCold   + + +      Faith    .    (shield currently unavailable)
rNeg    . . .      Spirit   .    (body armour currently unavailable)
rPois   +          Reflect  +    (helmet currently unavailable)
rElec   .          Harm     .    (cloak currently unavailable)
rCorr   .          Rampage  .    (gloves currently unavailable)
Will    .....                    (boots currently unavailable)
Stlth   ++++                     c - amulet of reflection
HPRegen 0.30/turn                (no ring)
MPRegen 0.14/turn                (no ring)

@: ice-form, wereblooded
A: freezing attack, amphibious, boosted hp, large, thin skeletal structure 2,
foul stench 2, (weakness stinger 1)
a: End Transformation, Renounce Religion


You were on level 6 of the Dungeon.
You worshipped Makhleb.
Makhleb was aware of your devotion.
You were a creature of crystalline ice.
You visited 2 branches of the dungeon, and saw 7 of its levels.
You also visited: Sewer.

You collected 229 gold pieces.
You spent 22 gold pieces at shops.


Innate Abilities, Weirdness & Mutations

You are a creature of crystalline ice.
You have a powerful freezing melee attack.
You are amphibious.
Your maximum health is increased.
Your armour is entirely melded.
You are incapable of wielding weapons or throwing items.
You have a moderately thin skeletal structure. (Dex +4, Stealth++)
You sometimes emit foul miasma when damaged in melee.
((You have a small tail.))


   Skills:
 - Level 1.0 Fighting
 - Level 1.7 Dodging
 + Level 4.8 Unarmed Combat
 + Level 4.4 Spellcasting
 * Level 6.0 Transmutations
 * Level 4.3 Ice Magic
 - Level 1.5 Poison Magic
 + Level 3.8 Invocations


You had 5 spell levels left.
You knew the following spells:

 Your Spells              Type           Power      Damage    Failure   Level
a - Beastly Appendage     Tmut           48%        N/A       1%          1
b - Wereblood             Tmut           24%        N/A       1%          2
c - Spider Form           Tmut/Pois      16%        N/A       10%         3
d - Ice Form              Ice/Tmut       21%        N/A       19%         4

Your spell library contained the following spells:

 Spells                   Type           Power      Damage    Failure   Level


Inventory:

Missiles
 e - 21 poisoned darts
 f - 59 stones
 g - a throwing net {=f!f}
 j - 2 boomerangs
 q - 4 javelins
Armour
 a - a +0 robe (melded)
Jewellery
 c - an amulet of reflection (around neck)
   (You found it on level 1 of the Dungeon)
 D - a +6 ring of dexterity
   (You found it on level 4 of the Dungeon)
Wands
 u - a wand of iceblast (8)
   (You took it off Ijyb on level 4 of the Dungeon)
 y - a wand of polymorph (12)
   (You took it off Duvessa on level 4 of the Dungeon)
Scrolls
 d - 3 scrolls of fog
 h - a scroll of torment {!r}
 k - a scroll of teleportation {@r4}
 m - a scroll of blinking {unknown}
 v - a scroll of immolation {unknown}
 A - a scroll of identify {@r1}
Potions
 b - 2 potions of lignification {!q}
 i - 2 potions of attraction {!q}
 l - a potion of brilliance {unknown}
 n - a potion of haste {unknown}
 o - 3 potions of heal wounds {unknown}
 p - a potion of mutation {unknown}
 r - 2 potions of curing {@q1}
 s - a potion of resistance
 t - a potion of degeneration {unknown}
 w - 2 potions of berserk rage {unknown}
 x - a potion of flight
 z - a potion of invisibility
 B - a potion of might {unknown}

Dungeon Overview and Level Annotations

Branches:
Dungeon (6/15) Zot: 26735  Temple (1/1) D:4 Zot: 5729   Sewer (visited)

Altars:
Ashenzari
Fedhas
Gozag
Hepliaklqana
Makhleb
Nemelex Xobeh
Qazlal
Ru
Uskayaw
Vehumet
Yredelemnul

Shops:
D:1 ?

Annotations:
D:2 Sigmund

..... . ...≈≈≈.. .... .. #.#
#.≈≈≈≈≈.# # ... ... #.#
#.≈≈_≈≈.#.# .. .... #.#
#.≈≈.≈≈.#.#####.#...# .# #.#
#.≈§.≈≈...<..ooo>...# .# #.#
#.≈≈.≈≈$# #.# .# #.#
#.≈...≈.######)#### .###.#
#.≈.8.§..Y§ooo....#
..##.###........#####.##.....
...#..###.[####.# #.# ####
................# #.#
...##.########### #.# ..###.#
#.# ### #.# #.. #.# ..
#####[###


You could see an orc warrior and 2 orcs.


Message History

😮 HP[+1] 😮 MP[+1]
Your transformation has ended.
Your +0 robe unmelds from your body. 😮 HP[+1]
Casting: Spider Form (dangerous; 10% risk of failure)
Confirm with . or Enter, or press ? or * to list all spells.
The spell is quite dangerous to miscast (19% risk of failure)!
Continue anyway? [Y]es or [N]o only, please.
The spell is quite dangerous to miscast (19% risk of failure)!
Continue anyway?
You miscast Ice Form.
You are very lightly contaminated with residual magic.
Nothing appears to happen.
The necrophage misses you. 😮 MP[-4]
You lost 4 mp, and now have 9/14 mp.
Casting: Ice Form (quite dangerous; 19% risk of failure)
Confirm with . or Enter, or press ? or * to list all spells.
The spell is quite dangerous to miscast (19% risk of failure)!
Continue anyway? [Y]es or [N]o only, please.
The spell is quite dangerous to miscast (19% risk of failure)!
Continue anyway?
You turn into a creature of crystalline ice.
Your +0 robe melds into your body.
You block the necrophage's attack. 😮 HP[+6] MP[-4]
You now have 64 max hp (+10).
You regained 6 hp, and now have 39/64 hp.
You lost 4 mp, and now have 5/14 mp.
Casting: Ice Form (dangerous; 19% risk of failure)
Confirm with . or Enter, or press ? or * to list all spells.
Your blood is infused with primal strength.
The necrophage barely misses you.
The orc wizard gestures wildly while chanting.
The orc wizard flickers and vanishes!
Deactivating autopickup; reactivate with Ctrl-A.
The necrophage hits you but does no damage. 😮 HP[+1] MP[-2]
You lost 2 mp, and now have 3/14 mp.
Unknown command.
You hit the necrophage.
The necrophage closely misses you. 😮 MP[+1]
You hit the necrophage. You freeze the necrophage.
The necrophage barely misses you.
Unknown command.
You completely miss the necrophage.
The necrophage closely misses you. 😮 HP[+1]
You hit the necrophage. The necrophage barely misses you.
Your magical contamination has completely faded away.
Unknown command.
You hit the necrophage.
The orc warrior looks more healthy.
You block the necrophage's attack.
Unknown command.
You hit the necrophage.
The necrophage hits you but does no damage. 😮 HP[+1]
You barely miss the necrophage. The necrophage hits you.
You feel drained. 😮 HP[-5]
You now have 63 max hp (-1).
You take 5 damage, and now have 37/63 hp.
You punch the necrophage! You freeze the necrophage.
You feel a bit better.
You destroy the necrophage!
Makhleb accepts your kill.
Your life force feels restored.
Your Transmutations skill increases to level 6! 😮 HP[+1]
You now have 64 max hp (+1).
You barely miss something.
Something hits you but does no damage. 😮 MP[+1] Unknown command.
You barely miss something.
The orc warrior hits you from afar with a +0 glaive.
Something hits you.
* * * LOW HITPOINT WARNING * * *
😨 HP[-7]
You take 7 damage, and now have 31/64 hp.
Unknown command.
You barely miss something.
The orc warrior hits you from afar with a +0 glaive!
* * * LOW HITPOINT WARNING * * *
Something hits you.
* * * LOW HITPOINT WARNING * * *
😱 HP[-15]
You take 15 damage, and now have 16/64 hp.
MASSIVE DAMAGE!! (PAUSE)
You miss something. The orc warrior barely misses you. Something hits you.
* * * LOW HITPOINT WARNING * * *
You emit a cloud of foul miasma! 😱 HP[-2]
You take 2 damage, and now have 14/64 hp.
Unknown command.
You hit something. You freeze something.
The orc warrior hits you from afar with a +0 glaive!
* * * LOW HITPOINT WARNING * * *
😱 HP[-12]
You take 12 damage, and now have 2/64 hp.
You punch something! You freeze something.
You feel a bit better. Makhleb accepts your kill.
Reactivating autopickup.
You feel a bit more experienced.
The orc warrior hits you from afar with a +0 glaive!
You die...

Skill      XL: |  1  2  3  4  5  6  7  8 |
---------------+-------------------------+-----
Transmutations | 2 3 4 5 6 |  6.0
Unarmed Combat | 3 4 |  4.8
Poison Magic   | 1 |  1.5
Spellcasting   | 3 4 |  4.4
Ice Magic      | 1 3 4 |  4.3
Invocations    | 2 3 |  3.8
Fighting       | |  1.0
Dodging        | |  1.7

Action                   |  1- 3 |  4- 6 |  7- 9 || total
-------------------------+-------+-------+-------++-------
Melee: Unarmed           |    93 |   198 |   113 ||   404
       Kick              |    19 |    13 |     1 ||    33
       Headbutt          |     6 |     9 |     1 ||    16
       Punch             |     1 |       |       ||     1
       Tailslap          |       |     6 |     2 ||     8
 Cast: Beastly Appendage |    25 |    11 |     1 ||    37
       Spider Form       |     1 |    15 |     8 ||    24
       Wereblood         |     1 |       |     2 ||     3
       Ice Form          |       |     1 |     8 ||     9
 Abil: End Transformatio |       |       |     1 ||     1
  Use: Scroll            |     7 |     4 |     1 ||    12
       Potion            |       |     2 |       ||     2
 Stab: Sleeping          |     1 |     4 |     4 ||     9
       Invisible         |       |     2 |       ||     2
Armor: Robe              |     7 |     6 |     1 ||    14
       Skin              |       |     5 |    21 ||    26
Dodge: Dodged            |    45 |   125 |    70 ||   240
Block: Other             |     8 |    44 |    12 ||    64
       Reflection        |       |     1 |       ||     1

Levels and vault maps discovered:
D:1:      psy_arrival_wood_between_worlds, layout_basic, serial_shops, shop,
          minmay_misc_feat_tiny, minmay_pentomino_q2
D:2:      layout_rooms, basic_altar, grunt_decor_mini_mirrors, uniq_sigmund
D:3:      layout_rooms, general_overflow_altar, elyvilon_altar_4,
          mainiacjoe_overflow_paths, gup_sewer_entry_pipe,
          minmay_increasing_density
D:4:      layout_gridville, minmay_temple_entry_ruins, uniq_pikel, uniq_ijyb,
          uniq_duvessa
D:5:      layout_basic, fedhas_altar_3, solitary_fountain
D:6:      layout_loops_ring, bloody_trog, kennysheep_orc_sif_temple,
          mainiacjoe_overflow_catwalk, serial_bayou, serial_bayou_pond_b,
          serial_bayou_pond_a, serial_bayou_pond_c, serial_bayou_pond_c,
          minivault_25, uniq_edmund
Temple:   nicolae_temple_bog_church

Notes
Turn   | Place    | Note
-------+----------+-------------------------------------------
     0 | D:1      | kae the Demonspawn Transmuter began the quest for the Orb.
     0 | D:1      | Reached XP level 1. HP: 15/15 MP: 3/3
     0 | D:1      | magus.rc [v1.11.3]
    78 | D:1      | Reached skill level 2 in Transmutations
   146 | D:1      | Gained mutation: You may rarely emit foul miasma when
                  | damaged in melee. [demonic ancestry]
   146 | D:1      | Reached XP level 2. HP: 21/21 MP: 3/5
   146 | D:1      | Upgraded the game from 0.30-a0-618-gd6c86c23d0 to
                  | 0.30-a0-622-gddc90eaa04
   146 | D:1      | magus.rc [v1.11.3]
   590 | D:1      | Found Zekeud's Magic Scroll Boutique.
   599 | D:1      | Reached skill level 3 in Unarmed Combat
   623 | D:1      | Bought a scroll of identify for 22 gold pieces
   635 | D:1      | Learned a level 2 spell: Wereblood
   705 | D:2      | Gained mutation: You have a somewhat thin skeletal
                  | structure. (Dex +2, Stealth+) [demonic ancestry]
   705 | D:2      | Reached XP level 3. HP: 21/26 MP: 4/6
   709 | D:2      | Learned a level 3 spell: Spider Form
   920 | D:2      | Noticed Sigmund
   960 | D:3      | Found a stormy altar of Qazlal.
   997 | D:3      | Found a hide-covered altar of Uskayaw.
  1034 | D:3      | Reached skill level 1 in Poison Magic
  1041 | D:3      | Gained mutation: You have a moderately thin skeletal
                  | structure. (Dex +4, Stealth++) [demonic ancestry]
  1041 | D:3      | Reached XP level 4. HP: 29/32 MP: 2/7
  1073 | D:3      | Reached skill level 3 in Transmutations
  1265 | D:3      | Found a glowing drain.
  1282 | D:3      | Gained mutation: You have a small tail. [demonic ancestry]
  1282 | D:3      | Reached XP level 5. HP: 37/37 MP: 0/9
  1299 | Sewer    | Entered a sewer
  1423 | Sewer    | HP: 5/37 [river rat (9)]
  1450 | Sewer    | Reached skill level 3 in Spellcasting
  1450 | Sewer    | Reached skill level 4 in Transmutations
  1574 | Sewer    | Learned a level 4 spell: Ice Form
  1672 | Sewer    | Reached XP level 6. HP: 29/43 MP: 10/10
  1798 | Sewer    | Reached skill level 1 in Ice Magic
  2457 | D:4      | Found a staircase to the Ecumenical Temple.
  2475 | Temple   | Entered the Ecumenical Temple
  2713 | Temple   | Became a worshipper of Makhleb the Destroyer
  2982 | D:4      | Noticed Ijyb
  3027 | D:4      | Killed Ijyb
  3028 | D:4      | Reached skill level 4 in Unarmed Combat
  3142 | D:4      | Reached XP level 7. HP: 25/48 MP: 9/12
  3254 | D:4      | Noticed Pikel
  3261 | D:4      | HP: 9/57 [Pikel/+0 whip of electrocution (19)]
  3264 | D:4      | Killed Pikel
  3265 | D:4      | Reached skill level 5 in Transmutations
  3265 | D:4      | Reached skill level 3 in Ice Magic
  3265 | D:4      | Reached skill level 2 in Invocations
  3527 | D:4      | Noticed Duvessa
  3530 | D:4      | Noticed Dowan
  3539 | D:4      | Killed Duvessa
  3540 | D:4      | Reached skill level 4 in Spellcasting
  3540 | D:4      | Gained mutation: You sometimes emit foul miasma when
                  | damaged in melee. [demonic ancestry]
  3540 | D:4      | Reached XP level 8. HP: 53/54 MP: 7/14
  3556 | D:4      | Killed Dowan
  3617 | D:4      | Reached skill level 3 in Invocations
  3745 | D:5      | Entered Level 5 of the Dungeon
  4593 | D:5      | Found a blossoming altar of Fedhas.
  4867 | D:6      | Identified the +1 helmet of Brilliance {rC+ Int+3}
  4891 | D:6      | Reached * piety under Makhleb
  4899 | D:6      | Reached skill level 4 in Ice Magic
  5014 | D:6      | Found a broken altar of Ashenzari.
  5050 | D:6      | Reached skill level 6 in Transmutations
  5052 | D:6      | HP: 16/64 [something (4)]
  5054 | D:6      | HP: 2/64 [orc warrior/+0 glaive (12)]
  5055 | D:6      | Mangled by an orc warrior

Vanquished Creatures
  Pikel (D:4)
  Duvessa (D:4)
  A sky beast (D:6)
  3 kobold brigands
  A scorpion (D:4)
  A necrophage (D:6)
  Dowan (D:4)
  A jelly (D:5)
  An orc priest (D:6)
  3 hounds
  2 iguanas
  Ijyb (D:4)
  2 orc wizards
  8 adders
  4 river rats (Sewer)
  4 white imps
  3 ufetubi
  4 worms
  A dart slug (D:2)
  16 orcs
  11 ball pythons
  A bat (D:2)
  8 endoplasms
  2 giant cockroaches
  8 goblins
  12 hobgoblins
  4 jackals (D:4)
  7 quokkas
  4 frilled lizards
  14 kobolds
  5 rats
135 creatures vanquished.

Vanquished Creatures (others)
  A plant (D:6)
1 creature vanquished.

Grand Total: 136 creatures vanquished

Table legend:
 A = Non-vault XP
 B = Vault XP
 C = Vault XP percentage of total XP
 D = Non-vault monster count
 E = Vault monster count
 F = Vault count percentage of total count
                 A         B        C        D         E       F
            +---------+---------+-------+---------+---------+-------
      Total |     923 |    1345 |  59.3 |      95 |      40 |  29.6
            +---------+---------+-------+---------+---------+-------
        D:1 |      30 |       3 |   9.1 |      18 |       2 |  10.0
        D:2 |      42 |       0 |   0.0 |      12 |       0 |   0.0
        D:3 |      91 |      36 |  28.3 |      19 |      13 |  40.6
        D:4 |     236 |     898 |  79.2 |      28 |       4 |  12.5
        D:5 |     164 |       0 |   0.0 |       8 |       0 |   0.0
        D:6 |     360 |     110 |  23.4 |      10 |       3 |  23.1
      Sewer |       0 |     298 | 100.0 |       0 |      18 | 100.0
            +---------+---------+-------+---------+---------+-------

Illustrated notes

Table legend:
 A = Kills in this place as a percentage of kills in entire the game.
 B = Kills by you in this place as a percentage of kills by you in the entire game.
 C = Kills by friends in this place as a percentage of kills by friends in the entire game.
 D = Other kills in this place as a percentage of other kills in the entire game.
 E = Experience gained in this place as a percentage of experience gained in the entire game.
 F = Experience gained in this place divided by the number of levels of this place that you have seen.
                   A       B       C       D       E      F
               +-------+-------+-------+-------+-------+----------------------
         Total | 100.0 | 100.0 |   N/A |   N/A | 100.0 | 283.5
       Dungeon |  86.7 |  86.7 |   N/A |   N/A |  86.9 | 328.3
         Sewer |  13.3 |  13.3 |   N/A |   N/A |  13.1 | 298.0
               +-------+-------+-------+-------+-------+----------------------

Table legend: (Time is in decaauts)
 A = Elapsed time spent in this place.
 B = Non-inter-level travel time spent in this place.
 C = Inter-level travel time spent in this place.
 D = Time resting spent in this place.
 E = Time spent auto-exploring this place.
 F = Levels seen in this place.
 G = Mean time per level.
                   A        B        C        D        E       F      G
               +--------+--------+--------+--------+--------+-----+--------+
         Total |   5111 |   4999 |    112 |     94 |   3552 |   8 |  638.9 |
       Dungeon |   4154 |   4060 |     94 |     57 |   2992 |   6 |  692.3 |
        Temple |    270 |    252 |     18 |      0 |    168 |   1 |  270.0 |
         Sewer |    687 |    687 |      0 |     37 |    392 |   1 |  687.0 |
               +--------+--------+--------+--------+--------+-----+--------+

Top non-repeatable levels by time:
     D:4: 1130 daAuts
     D:5: 1040 daAuts
     D:3: 795 daAuts
   Sewer: 687 daAuts
     D:1: 654 daAuts
  Temple: 270 daAuts
     D:2: 270 daAuts
     D:6: 263 daAuts
